TOP OF THE 1ST |
Northwest Arkansas Naturals batting - Pitching for Birmingham Barons : RHP Mike Mik
|
Pitching: RHP Mike Mik
|
|
Batting: SHB Ryoji Hiraoka
|
0-0: Foul Ball, location: 2F 0-1: Ground out 4-3 (Groundball, 4, EV 81.9 MPH)
|
Batting: RHB Kazuki Arai
|
0-0: Ball 1-0: Ball 2-0: Called Strike 2-1: SINGLE (Groundball, 34S, EV 71.2 MPH) (infield hit)
|
Batting: RHB Alex Cid
|
0-0: Ball Kazuki Arai is caught stealing 2nd base 2-4 1-0: Ball 2-0: Called Strike 2-1: Fly out, F8 (Line Drive, 8RM, EV 86.2 MPH)
|
Top of the 1st over - 0 runs, 1 hit, 0 errors, 0 left on base; Northwest Arkansas 0 - Birmingham 0 |
BOTTOM OF THE 1ST |
Birmingham Barons batting - Pitching for Northwest Arkansas Naturals : RHP Mike Tuck
|
Pitching: RHP Mike Tuck
|
|
Batting: RHB Mike Savage
|
0-0: DOUBLE (Line Drive, 89D, EV 108.1 MPH)
|
Batting: LHB Larry Myers
|
0-0: Called Strike 0-1: Swinging Strike 0-2: Ball 1-2: Ball 2-2: Strikes out swinging
|
Batting: SHB Ruben Velasco Jr.
|
0-0: Foul Ball, location: 2F 0-1: Ball 1-1: Ball 2-1: Called Strike 2-2: Ball 3-2: Base on Balls
|
Batting: LHB Justin Stickney
|
0-0: Ball 1-0: Called Strike 1-1: Foul Ball, location: 2F 1-2: Foul Ball, location: 2F 1-2: Ball 2-2: Strikes out swinging
|
Batting: RHB Ethan McCullough
|
0-0: Foul Ball, location: 2F 0-1: Ball 1-1: Foul Ball, location: 2F 1-2: Foul Ball, location: 2F 1-2: Foul Ball, location: 2F 1-2: Ball 2-2: Foul Ball, location: 2F 2-2: Fielders Choice at 2nd, 6-4 (Groundball, 6, EV 102.5 MPH)
|
Bottom of the 1st over - 0 runs, 1 hit, 0 errors, 2 left on base; Northwest Arkansas 0 - Birmingham 0 |
TOP OF THE 2ND |
Northwest Arkansas Naturals batting - Pitching for Birmingham Barons : RHP Mike Mik
|
Batting: RHB Andy Urquhart
|
0-0: Ball 1-0: Called Strike 1-1: Foul Ball, location: 2F 1-2: Strikes out swinging
|
Batting: RHB Edwin Ramos
|
0-0: Reached on error, E6 (Groundball, 6, EV 88.1 MPH)
|
Batting: RHB William Lung
|
0-0: Reached on error, E4 (Groundball, 4, EV 81.9 MPH) Edwin Ramos to third
|
Batting: RHB Chad Sullivan
|
0-0: Ball 1-0: Foul Ball, location: 2F 1-1: Fielders Choice at 2nd, 4-6 (Groundball, 13, EV 85.0 MPH) Edwin Ramos scores
|
Batting: RHB Eric Erickson
|
0-0: Swinging Strike 0-1: Called Strike 0-2: Foul Ball, location: 2F 0-2: Strikes out swinging
|
Top of the 2nd over - 1 run, 0 hits, 2 errors, 1 left on base; Northwest Arkansas 1 - Birmingham 0 |
BOTTOM OF THE 2ND |
Birmingham Barons batting - Pitching for Northwest Arkansas Naturals : RHP Mike Tuck
|
Batting: LHB Matt Hyde
|
0-0: Ball 1-0: Swinging Strike 1-1: SINGLE (Line Drive, 56D, EV 97.5 MPH)
|
Batting: RHB Toichiro Fujimoto
|
0-0: Ball 1-0: Called Strike 1-1: Called Strike 1-2: Ball 2-2: Foul Ball, location: 2F 2-2: Ball Wild Pitch! Matt Hyde to second 3-2: Fly out, F9 (Flyball, 9LS, EV 83.8 MPH)
|
Batting: SHB Josh Conner
|
0-0: Ball 1-0: Called Strike 1-1: Foul Ball, location: 2F 1-2: Ball 2-2: Strikes out swinging
|
Batting: RHB John Iddings
|
0-0: Called Strike 0-1: Ball 1-1: Ball 2-1: Called Strike 2-2: Strikes out swinging
|
Bottom of the 2nd over - 0 runs, 1 hit, 0 errors, 1 left on base; Northwest Arkansas 1 - Birmingham 0 |
TOP OF THE 3RD |
Northwest Arkansas Naturals batting - Pitching for Birmingham Barons : RHP Mike Mik
|
Batting: SHB Danny Ballenger
|
0-0: Ball 1-0: Called Strike 1-1: Foul Ball, location: 2F 1-2: Strikes out swinging
|
Batting: SHB Ryoji Hiraoka
|
0-0: Called Strike 0-1: Ball 1-1: Swinging Strike 1-2: Foul Ball, location: 2F 1-2: Ball 2-2: Foul Ball, location: 2F 2-2: Ground out U3 (Groundball, 3S, EV 69.4 MPH)
|
Batting: RHB Kazuki Arai
|
0-0: Ball 1-0: Ball 2-0: Called Strike 2-1: Ball 3-1: Swinging Strike 3-2: Foul Ball, location: 2F 3-2: Base on Balls
|
Batting: RHB Alex Cid
|
0-0: Ball 1-0: Foul Ball, location: 2F 1-1: Ball 2-1: Called Strike Kazuki Arai steals 2nd base 2-2: Ball 3-2: Ground out 2-3 (Groundball, 2L, EV 63.1 MPH)
|
Top of the 3rd over - 0 runs, 0 hits, 0 errors, 1 left on base; Northwest Arkansas 1 - Birmingham 0 |
BOTTOM OF THE 3RD |
Birmingham Barons batting - Pitching for Northwest Arkansas Naturals : RHP Mike Tuck
|
Batting: RHB Mike Savage
|
0-0: Fly out, F7 (Flyball, 78S, EV 88.1 MPH)
|
Batting: LHB Larry Myers
|
0-0: Fly out, F7 (Flyball, 7D, EV 86.2 MPH)
|
Batting: SHB Ruben Velasco Jr.
|
0-0: Ball 1-0: Foul Ball, location: 2F 1-1: Called Strike 1-2: Ball 2-2: Ball 3-2: Fly out, F7 (Flyball, 7, EV 80.6 MPH)
|
Bottom of the 3rd over - 0 runs, 0 hits, 0 errors, 0 left on base; Northwest Arkansas 1 - Birmingham 0 |
TOP OF THE 4TH |
Northwest Arkansas Naturals batting - Pitching for Birmingham Barons : RHP Mike Mik
|
Batting: RHB Andy Urquhart
|
0-0: Called Strike 0-1: Hit by Pitch
|
Batting: RHB Edwin Ramos
|
0-0: Called Strike 0-1: Called Strike 0-2: SINGLE (Groundball, 56D, EV 110.0 MPH) Andy Urquhart to second Runner from 2nd tries for 3rd, OUT! 7-5 Edwin Ramos to second
|
Batting: RHB William Lung
|
0-0: Fly out, F9 (Flyball, 9LM, EV 95.0 MPH) Runner from 2nd tags up, SAFE at 3rd, no throw by RF
|
Batting: RHB Chad Sullivan
|
0-0: Ball 1-0: Called Strike 1-1: TRIPLE (Line Drive, 89XD, EV 108.8 MPH) Edwin Ramos scores
|
Batting: RHB Eric Erickson
|
0-0: Ball 1-0: Called Strike 1-1: Called Strike 1-2: Strikes out swinging
|
Top of the 4th over - 1 run, 2 hits, 0 errors, 1 left on base; Northwest Arkansas 2 - Birmingham 0 |
BOTTOM OF THE 4TH |
Birmingham Barons batting - Pitching for Northwest Arkansas Naturals : RHP Mike Tuck
|
Batting: LHB Justin Stickney
|
0-0: Foul Ball, location: 2F 0-1: Ball 1-1: Swinging Strike 1-2: Ball 2-2: Ground out 4-3 (Groundball, 4, EV 104.4 MPH)
|
Batting: RHB Ethan McCullough
|
0-0: Ball 1-0: Foul Ball, location: 2F 1-1: Foul Ball, location: 2F 1-2: Foul Ball, location: 2F 1-2: Ball 2-2: Ground out 4-3 (Groundball, 4, EV 86.9 MPH)
|
Batting: LHB Matt Hyde
|
0-0: SINGLE (Groundball, 25, EV 62.5 MPH) (infield hit)
|
Batting: RHB Toichiro Fujimoto
|
0-0: Called Strike 0-1: Ball 1-1: Ball 2-1: SINGLE (Groundball, 56D, EV 108.1 MPH) Matt Hyde to second
|
Batting: SHB Josh Conner
|
0-0: Ground out 3-1 (Groundball, 34, EV 82.5 MPH)
|
Bottom of the 4th over - 0 runs, 2 hits, 0 errors, 2 left on base; Northwest Arkansas 2 - Birmingham 0 |
TOP OF THE 5TH |
Northwest Arkansas Naturals batting - Pitching for Birmingham Barons : RHP Mike Mik
|
Batting: SHB Danny Ballenger
|
0-0: Ball 1-0: SINGLE (Groundball, 3D, EV 105.6 MPH)
|
Batting: SHB Ryoji Hiraoka
|
0-0: Called Strike 0-1: Swinging Strike 0-2: Ball 1-2: Strikes out swinging
|
Batting: RHB Kazuki Arai
|
0-0: Called Strike 0-1: Foul Ball, location: 2F 0-2: SINGLE (Groundball, 34D, EV 98.1 MPH) Danny Ballenger to second Runner from 2nd tries for 3rd, SAFE, throw by RF made to third
|
Batting: RHB Alex Cid
|
0-0: Ball 1-0: Called Strike Kazuki Arai steals 2nd base 1-1: Foul Ball, location: 2F 1-2: Ball 2-2: Ball 3-2: Fly out, F8 (Flyball, 8LM, EV 95.0 MPH) Runner from 3rd tags up, OUT at HOME! 8-2
|
Top of the 5th over - 0 runs, 2 hits, 0 errors, 1 left on base; Northwest Arkansas 2 - Birmingham 0 |
BOTTOM OF THE 5TH |
Birmingham Barons batting - Pitching for Northwest Arkansas Naturals : RHP Mike Tuck
|
Batting: RHB John Iddings
|
0-0: Ground out 5-3 (Groundball, 56, EV 81.2 MPH)
|
Batting: RHB Mike Savage
|
0-0: Called Strike 0-1: Ball 1-1: Foul Ball, location: 2F 1-2: Ball 2-2: Foul Ball, location: 2F 2-2: Ball 3-2: Base on Balls
|
Batting: LHB Larry Myers
|
0-0: Called Strike Mike Savage steals 2nd base 0-1: Ball 1-1: Ball 2-1: Ball 3-1: Base on Balls
|
Batting: SHB Ruben Velasco Jr.
|
0-0: Ball 1-0: Foul Ball, location: 2F 1-1: Ball 2-1: Foul Ball, location: 2F 2-2: 3-RUN HOME RUN (Flyball, 89XD, EV 109.4 MPH), Distance : 408 ft
|
Batting: LHB Justin Stickney
|
0-0: Called Strike 0-1: Foul Ball, location: 2F 0-2: Ball 1-2: Ball 2-2: Foul Ball, location: 2F 2-2: Ball 3-2: SINGLE (Groundball, 4D, EV 96.2 MPH)
|
Pitching: RHP Kevin Fleming
|
|
Batting: RHB Ethan McCullough
|
0-0: Ball Passed Ball! Justin Stickney to second 1-0: Ball 2-0: SINGLE (Line Drive, 34, EV 98.8 MPH) Justin Stickney to third Runner from 3rd tries for Home, SAFE, throw by RF to home
|
Batting: LHB Matt Hyde
|
0-0: Called Strike 0-1: Swinging Strike 0-2: DOUBLE (Groundball, 5L, EV 103.1 MPH) Ethan McCullough to third
|
Batting: RHB Toichiro Fujimoto
|
0-0: Foul Ball, location: 2F 0-1: Ball 1-1: Hit by Pitch
|
Batting: SHB Josh Conner
|
0-0: Ball 1-0: Ball 2-0: Swinging Strike 2-1: Ball 3-1: Base on Balls Ethan McCullough scores Matt Hyde to third Toichiro Fujimoto to second
|
Batting: RHB John Iddings
|
0-0: Swinging Strike 0-1: Called Strike 0-2: DOUBLE (Line Drive, 9LS, EV 112.5 MPH) Matt Hyde scores Toichiro Fujimoto scores Josh Conner to third
|
Pitching: RHP Matthew Orphan
|
|
Batting: RHB Mike Savage
|
0-0: Ball 1-0: Called Strike 1-1: Called Strike 1-2: Foul Ball, location: 2F 1-2: Foul Ball, location: 2F 1-2: Foul Ball, location: 2F 1-2: Foul Ball, location: 2F 1-2: Ball 2-2: Foul Ball, location: 2F 2-2: Ground out 4-3 (Groundball, 4M, EV 88.1 MPH) Josh Conner scores John Iddings to third
|
Batting: LHB Larry Myers
|
0-0: Called Strike 0-1: Ball 1-1: Swinging Strike 1-2: Ball 2-2: Ball 3-2: SINGLE (Groundball, 13, EV 83.1 MPH) (infield hit) John Iddings scores
|
Batting: SHB Ruben Velasco Jr.
|
0-0: Fly out, F8 (Flyball, 8RS, EV 96.2 MPH)
|
Bottom of the 5th over - 9 runs, 6 hits, 0 errors, 1 left on base; Northwest Arkansas 2 - Birmingham 9 |
TOP OF THE 6TH |
Northwest Arkansas Naturals batting - Pitching for Birmingham Barons : RHP Mike Mik
|
Batting: RHB Andy Urquhart
|
0-0: Called Strike 0-1: Ball 1-1: Foul Ball, location: 2F 1-2: Fly out, F8 (Flyball, 8RD, EV 83.8 MPH)
|
Pitching: LHP Jimmy Ford
|
|
Batting: RHB Edwin Ramos
|
0-0: Foul Ball, location: 2F 0-1: Fly out, F3 (Popup, 3F, EV 75.0 MPH)
|
Batting: RHB William Lung
|
0-0: Ball 1-0: Ball 2-0: Ball 3-0: Base on Balls
|
Batting: RHB Chad Sullivan
|
0-0: Called Strike 0-1: Fly out, F9 (Flyball, 9, EV 90.0 MPH)
|
Top of the 6th over - 0 runs, 0 hits, 0 errors, 1 left on base; Northwest Arkansas 2 - Birmingham 9 |
BOTTOM OF THE 6TH |
Birmingham Barons batting - Pitching for Northwest Arkansas Naturals : RHP Matthew Orphan
|
Batting: LHB Justin Stickney
|
0-0: SINGLE (Groundball, 6MS, EV 69.4 MPH) (infield hit)
|
Batting: RHB Ethan McCullough
|
0-0: Called Strike 0-1: Called Strike 0-2: Ball 1-2: Ball 2-2: Ball 3-2: Strikes out swinging
|
Batting: LHB Matt Hyde
|
0-0: Ball 1-0: Foul Ball, location: 2F 1-1: Ball 2-1: Fielders Choice at 2nd, 3-6 (Groundball, 34, EV 78.8 MPH)
|
Batting: RHB Toichiro Fujimoto
|
0-0: Called Strike 0-1: Ball 1-1: Ball Matt Hyde steals 2nd base 2-1: Fly out, F3 (Line Drive, 3, EV 68.1 MPH)
|
Bottom of the 6th over - 0 runs, 1 hit, 0 errors, 1 left on base; Northwest Arkansas 2 - Birmingham 9 |
TOP OF THE 7TH |
Northwest Arkansas Naturals batting - Pitching for Birmingham Barons : LHP Jimmy Ford
|
Pinch Hitting: LHB Randy Stapleton
|
0-0: Ball 1-0: Ground out 4-3 (Groundball, 4, EV 79.4 MPH)
|
Batting: SHB Danny Ballenger
|
0-0: Called Strike 0-1: Swinging Strike 0-2: Strikes out swinging
|
Pinch Hitting: SHB Marcos Cortez
|
0-0: Ball 1-0: Foul Ball, location: 2F 1-1: Ball 2-1: Ground out 3-1 (Groundball, 34, EV 95.0 MPH)
|
Top of the 7th over - 0 runs, 0 hits, 0 errors, 0 left on base; Northwest Arkansas 2 - Birmingham 9 |
BOTTOM OF THE 7TH |
Birmingham Barons batting - Pitching for Northwest Arkansas Naturals : RHP Matthew Orphan
|
Now at SS: Marcos Cortez
|
|
Now in CF: Randy Stapleton
|
|
Pinch Hitting: SHB Jason Bresnahan
|
0-0: Called Strike 0-1: Foul Ball, location: 2F 0-2: Ball 1-2: Strikes out looking
|
Pinch Hitting: SHB Olaf Zoeteman
|
0-0: Called Strike 0-1: Ball 1-1: Foul Ball, location: 2F 1-2: Ball 2-2: Foul Ball, location: 2F 2-2: Ground out U3 (Groundball, 3, EV 87.5 MPH)
|
Batting: RHB Mike Savage
|
0-0: Ball 1-0: Ball 2-0: Foul Ball, location: 2F 2-1: Foul Ball, location: 2F 2-2: Strikes out looking
|
Bottom of the 7th over - 0 runs, 0 hits, 0 errors, 0 left on base; Northwest Arkansas 2 - Birmingham 9 |
TOP OF THE 8TH |
Northwest Arkansas Naturals batting - Pitching for Birmingham Barons : LHP Jimmy Ford
|
Now at 2B: Olaf Zoeteman
|
|
Now at 3B: Jason Bresnahan
|
|
Now at SS: Ethan McCullough
|
|
Batting: RHB Kazuki Arai
|
0-0: Called Strike 0-1: Foul Ball, location: 2F 0-2: Ball 1-2: Ball 2-2: Ground out 6-3 (Groundball, 6M, EV 79.4 MPH)
|
Batting: RHB Alex Cid
|
0-0: Ball 1-0: Ball 2-0: Called Strike 2-1: Ball 3-1: Base on Balls
|
Batting: RHB Andy Urquhart
|
0-0: Ball 1-0: Ball 2-0: Reached on error, E6 (Groundball, 6, EV 80.6 MPH) Alex Cid to second
|
Batting: RHB Edwin Ramos
|
0-0: Foul Ball, location: 2F 0-1: Foul Ball, location: 2F 0-2: Foul Ball, location: 2F 0-2: Foul Ball, location: 2F 0-2: Ball 1-2: Strikes out swinging
|
Batting: RHB William Lung
|
0-0: Ball 1-0: Ball 2-0: Called Strike 2-1: Called Strike 2-2: Ball 3-2: Ground out 6-3 (Groundball, 56, EV 93.8 MPH)
|
Top of the 8th over - 0 runs, 0 hits, 1 error, 2 left on base; Northwest Arkansas 2 - Birmingham 9 |
BOTTOM OF THE 8TH |
Birmingham Barons batting - Pitching for Northwest Arkansas Naturals : RHP Matthew Orphan
|
Pitching: RHP Junsuke Abe
|
|
Batting: LHB Larry Myers
|
0-0: Foul Ball, location: 2F 0-1: Swinging Strike 0-2: Fly out, F9 (Flyball, 89M, EV 91.2 MPH)
|
Batting: SHB Ruben Velasco Jr.
|
0-0: Swinging Strike 0-1: Ball 1-1: Foul Ball, location: 2F 1-2: Ball 2-2: Ball 3-2: Fly out, F8 (Flyball, 8RM, EV 91.9 MPH)
|
Batting: LHB Justin Stickney
|
0-0: DOUBLE (Flyball, 89XD, EV 110.0 MPH)
|
Batting: RHB Ethan McCullough
|
0-0: SINGLE (Groundball, 34D, EV 95.6 MPH) Justin Stickney to third Runner from 3rd tries for Home, SAFE, throw by RF to home
|
Pinch Hitting: LHB Alex Mendoza
|
0-0: Ball 1-0: Ball 2-0: Called Strike 2-1: SINGLE (Groundball, 34D, EV 96.2 MPH) Ethan McCullough to second Runner from 2nd tries for 3rd, SAFE, throw by RF made to third
|
Batting: RHB Toichiro Fujimoto
|
0-0: Fielders Choice at 2nd, 5-4 (Groundball, 56, EV 86.9 MPH)
|
Bottom of the 8th over - 1 run, 3 hits, 0 errors, 2 left on base; Northwest Arkansas 2 - Birmingham 10 |
TOP OF THE 9TH |
Northwest Arkansas Naturals batting - Pitching for Birmingham Barons : LHP Jimmy Ford
|
Now at 1B: Alex Mendoza
|
|
Batting: RHB Chad Sullivan
|
0-0: DOUBLE (Line Drive, 5D, EV 94.4 MPH)
|
Batting: LHB Randy Stapleton
|
0-0: Foul Ball, location: 2F 0-1: Ball 1-1: Hit by Pitch
|
Batting: SHB Danny Ballenger
|
0-0: Swinging Strike 0-1: Foul Ball, location: 2F 0-2: Foul Ball, location: 2F 0-2: Strikes out swinging
|
Batting: SHB Marcos Cortez
|
0-0: Swinging Strike 0-1: Ball 1-1: Ball 2-1: DOUBLE (Line Drive, 89XD, EV 103.1 MPH) Chad Sullivan scores Randy Stapleton to third
|
Batting: RHB Kazuki Arai
|
0-0: Ball 1-0: Foul Ball, location: 2F 1-1: Swinging Strike 1-2: SINGLE (Groundball, 4MD, EV 95.6 MPH) Randy Stapleton scores Marcos Cortez to third
|
Pitching: LHP Brennan Duncan
|
|
Batting: RHB Alex Cid
|
0-0: Swinging Strike 0-1: Ball 1-1: Swinging Strike 1-2: Foul Ball, location: 2F 1-2: Foul Ball, location: 2F 1-2: Ball 2-2: Ball 3-2: Foul Ball, location: 2F 3-2: Base on Balls Kazuki Arai to second
|
Batting: RHB Andy Urquhart
|
0-0: Ball 1-0: Foul Ball, location: 2F 1-1: Grounds into double play, 5-4-3 (Groundball, 56, EV 78.1 MPH)
|
Top of the 9th over - 2 runs, 3 hits, 0 errors, 2 left on base; Northwest Arkansas 4 - Birmingham 10 |
|